 Dungeon Crawl Stone Soup version 0.22-a0-587-g7d32d7c7ae (webtiles) character file.

85 Hercules1031 the Shield-Bearer (level 4, -4/37 HPs)
             Began as a Formicid Fighter on July 5, 2018.
             Slain by motoroller71's ghost (16 damage)
             ... on level 3 of the Dungeon.
             The game lasted 00:07:31 (1715 turns).

Hercules1031 the Shield-Bearer (Formicid Fighter)   Turns: 1715, Time: 00:07:31

Health: -4/37      AC:  7    Str: 27    XL:     4   Next: 75%
Magic:  4/4        EV:  9    Int:  7    God:
Gold:   77         SH: 11    Dex: 10    Spells: 3/3 levels left

rFire    . . .     SeeInvis +   a - +0 war axe
rCold    . . .     Gourm    .   c - +1 shield
rNeg     . . .     Faith    .   b - +0 scale mail
rPois    .         Spirit   .   (helmet unavailable)
rElec    .         Reflect  .   (no cloak)
rCorr    .         Harm     .   (no gloves)
MR       +....                  (no boots)
Stlth    ..........             (no amulet)
HPRegen  0.12/turn              e - ring of wizardry
MPRegen  0.09/turn              q - ring of protection from magic

@: mighty
A: permanent stasis, dig shafts and tunnels, four strong arms, antennae 3
a: Dig, Shaft Self


You were on level 3 of the Dungeon.
You were not hungry.

You visited 1 branch of the dungeon, and saw 3 of its levels.

You collected 77 gold pieces.

Inventory:

Hand Weapons
 a - a +0 war axe (weapon)
Armour
 b - a +0 scale mail (worn)
 c - a +1 shield (worn)
Jewellery
 e - a ring of wizardry (left hand)
 q - a ring of protection from magic (right hand)
Scrolls
 i - a scroll of enchant armour
 k - a scroll of remove curse {unknown}
 n - 2 scrolls of fear {unknown}
Potions
 h - 2 potions of resistance {unknown}
 l - 2 potions of curing {unknown}
 m - a potion of haste {unknown}
 o - a potion of lignification {unknown}
 p - 2 potions of ambrosia {unknown}
Comestibles
 f - a ration


   Skills:
 + Level 3.8 Fighting
 + Level 2.5 Axes
 + Level 3.8 Armour
 + Level 1.3 Dodging
 + Level 4.3 Shields


You had 3 spell levels left.
You didn't know any spells.
Your spell library was empty.

Dungeon Overview and Level Annotations

Branches:
Dungeon (3/15)

Altars:
Dithmenos
Kikubaaqudgha
Qazlal
Uskayaw
Wu Jian
Xom

Annotations:
D:3 motoroller71's ghost, amateur HuFi


Innate Abilities, Weirdness & Mutations

You cannot be hasted, slowed, berserked, paralysed or teleported.
You can dig through walls and to a lower floor.
Your four strong arms can wield two-handed weapons with a shield.
You have a pair of large antennae on your head. (SInv)


Message History

Motoroller71's ghost turns its malevolent gaze towards you.
Found a scale mail.
You open the large door. You slash motoroller71's ghost!
Motoroller71's ghost is moderately damaged.
You block motoroller71's ghost's attack.
You hit motoroller71's ghost but do no damage.
Motoroller71's ghost is moderately damaged.
You block motoroller71's ghost's attack.
Motoroller71's ghost hits you!
You hit motoroller71's ghost.
Motoroller71's ghost is moderately damaged.
Motoroller71's ghost hits you!
You feel very mighty all of a sudden.
You block motoroller71's ghost's attack.
You slash motoroller71's ghost!
Motoroller71's ghost is severely damaged.
Motoroller71's ghost wails, "What do you have that I didn't have?"
Motoroller71's ghost hits you!
You die...

## ## ###.#.### ....
.. ##^.[≈≈#≈ ....##..
#^#≈....# .......#
#..8.#≈.## .......#
#....≈..# #......#
#####'W######......#
#.....@............###
#....................
#.....##..###......#
#.....
#..#........####
###.##
#..#............ ...
...#............ ###
###.###.......... #.#
####....... #.#
#.......


You could see motoroller71's ghost.

Vanquished Creatures
  An adder (D:2)
  2 worms (D:2)
  2 dart slugs (D:1)
  3 leopard geckos
  A ball python (D:1)
  3 bat zombies (D:3)
  A giant cockroach (D:1)
  9 goblins
  4 hobgoblins (D:2)
  4 jackals (D:1)
  2 quokkas (D:2)
  7 bats
  7 frilled lizards
  5 kobolds (D:1)
  10 rats
  2 rat zombies (D:3)
63 creatures vanquished.

Notes
Turn   | Place    | Note
-------+----------+-------------------------------------------
     0 | D:1      | Hercules1031 the Formicid Fighter began the quest for the Orb.
     0 | D:1      | Reached XP level 1. HP: 18/18 MP: 1/1
   110 | D:1      | Reached XP level 2. HP: 22/24 MP: 2/2
   278 | D:1      | Reached XP level 3. HP: 28/29 MP: 3/3
   382 | D:1      | Reached skill level 4 in Shields
   738 | D:2      | Reached skill level 1 in Dodging
   795 | D:2      | Reached XP level 4. HP: 26/37 MP: 4/4
   809 | D:2      | Found a shadowy altar of Dithmenos.
   841 | D:2      | Found a sparkling altar of Nemelex Xobeh.
   843 | D:2      | Found a shimmering altar of Xom.
   843 | D:2      | Found a radiant altar of Vehumet.
   845 | D:2      | Found a deep blue altar of Sif Muna.
   845 | D:2      | Found a radiant altar of Vehumet.
   845 | D:2      | Found a white marble altar of Elyvilon.
  1002 | D:2      | Found a stormy altar of Qazlal.
  1040 | D:2      | Found an ornate altar of the Wu Jian Council.
  1475 | D:2      | Found a hide-covered altar of Uskayaw.
  1659 | D:3      | Found an ancient bone altar of Kikubaaqudgha.
  1701 | D:3      | Found a large runed door.
  1702 | D:3      | Found a large runed door.
  1704 | D:3      | Noticed motoroller71's ghost (amateur HuFi)
  1715 | D:3      | Slain by motoroller71's ghost

Vault maps used:
D:1:      ncdulo_halloftheorcs
D:2:      kb_forest_paths, lemuel_doored_altar, doesnt_xom_only_xom,
          grunt_qazlal_clouds, lemuel_crystal_altar, lemuel_tele_altar
D:3:      good_gods_temple_1, lemuel_zombie_altar_kikubaaqudgha,
          ebering_ghost_disaster_area

Skill      XL: |  1  2  3 |
---------------+----------+-----
Shields        | 4 |  4.3
Dodging        | 1 |  1.3
Fighting       | |  3.8
Axes           | |  2.5
Armour         | |  3.8

Action                   |  1- 3 |  4- 6 || total
-------------------------+-------+-------++-------
Melee: War axe           |   130 |    81 ||   211
  Use: Scroll            |     1 |     4 ||     5
       Potion            |       |     1 ||     1
  Eat: Ration            |       |     1 ||     1
Armor: Scale mail        |    66 |    40 ||   106
Dodge: Dodged            |    60 |    27 ||    87
Block: Shield            |    95 |    60 ||   155

Table legend:
 A = Spawn XP
 B = Non-spawn XP
 C = Spawn XP percentage of total XP
 D = Spawn monster count
 E = Non-spawn monster count
 F = Spawn count percentage of total count
 G = Total turns spent on level
                    A         B        C        D         E        F      G
               +---------+---------+-------+---------+---------+-------+---------
         Total |       0 |     122 |   0.0 |       0 |      63 |   0.0 |  1715
               +---------+---------+-------+---------+---------+-------+---------
           D:1 |       0 |      53 |   0.0 |       0 |      30 |   0.0 |   730
           D:2 |       0 |      59 |   0.0 |       0 |      27 |   0.0 |   821
           D:3 |       0 |      10 |   0.0 |       0 |       6 |   0.0 |   164
               +---------+---------+-------+---------+---------+-------+---------
